 Dungeon Crawl Stone Soup version 0.29-a0-266-gf56f883ddd (webtiles) character file.

Game seed: 7689999371013474212

4 sokol815 the Vexing (level 1, 0/13 HPs)
             Began as an Octopode Arcane Marksman on Mar 7, 2022.
             Slain by a kobold
             ... wielding a +0 short sword
              (2 damage)
             ... on level 1 of the Dungeon.
             The game lasted 00:00:29 (185 turns).

sokol815 the Vexing (Octopode Arcane Marksman)       Turns: 185, Time: 00:00:29

Health: 0/13       AC:  1    Str:  9    XL:     1   Next: 70%
Magic:  2/2        EV: 13    Int: 15    God:
Gold:   31         SH:  0    Dex: 12    Spells: 1/2 levels left

rFire   . . .      SeeInvis .   (no weapon)
rCold   . . .      Faith    .   (no shield)
rNeg    . . .      Spirit   .   (helmet restricted)
rPois   .          Reflect  .   (no amulet)
rElec   .          Harm     .   (no ring)
rCorr   .          Rampage  .   (no ring)
Will    .....                   (no ring)
Stlth   ++........              (no ring)
HPRegen 0.04/turn               (no ring)
MPRegen 0.08/turn               (no ring)
                                (no ring)
                                (no ring)

@: no status effects
A: almost no armour, amphibious, 8 rings, camouflage 1, gelatinous body 1,
(nimble swimmer 1), tentacles
a: no special abilities


You were on level 1 of the Dungeon.
You visited 1 branch of the dungeon, and saw 1 of its levels.

You collected 31 gold pieces.

Inventory:

Hand Weapons
 a - a +0 hand crossbow
Scrolls
 b - a scroll of enchant weapon {unknown}
 V - a scroll of vulnerability {!r!r}


   Skills:
 - Level 1.0 Fighting
 + Level 2.4 Crossbows
 - Level 2.0 Dodging
 - Level 1.0 Spellcasting
 - Level 3.0 Hexes


You had one spell level left.
You knew the following spells:

 Your Spells              Type           Power      Damage    Failure   Level
s - Slow                  Hex            36%        N/A       7%          1

Your spell library contained the following spells:

 Spells                   Type           Power      Damage    Failure   Level
 Inner Flame              Hex/Fire       5%         N/A       36%         3
 Portal Projectile        Hex/Tloc       10%        N/A       36%         3
 Cause Fear               Hex            4%         N/A       56%         4


Dungeon Overview and Level Annotations

Branches:
Dungeon (1/15)

Altars:


Innate Abilities, Weirdness & Mutations

You cannot wear most types of armour.
You are amphibious.
You can wear up to eight rings at the same time.
Your skin changes colour to match your surroundings (Stealth+).
Your rubbery body absorbs attacks. (AC +1, EV +1)
((You are camouflaged when in or above water. (Stealth+)))
You have tentacles for arms and can constrict up to eight enemies at once.


Message History

Welcome, sokol815 the Octopode Arcane Marksman.
Below lies the Orb of Zot, rumoured to be powerful enough to resurrect a god...
Found 11 gold pieces.
Found a staircase leading out of the dungeon.
You now have 11 gold pieces.
b - a scroll labelled ULEMIE WAOLAU You now have 20 gold pieces (gained 9).
A ball python comes into view.
Found an escape hatch in the floor.
You shoot a bolt.
The bolt hits the ball python but does no damage.
You shoot a bolt. The bolt hits the ball python!
You kill the ball python!
A ball python comes into view.
The ball python hisses angrily.
You shoot a bolt. The bolt hits the ball python.
You shoot a bolt.
The bolt completely misses the ball python.
You shoot a bolt.
The bolt closely misses the ball python.
You shoot a bolt. The bolt hits the ball python.
You kill the ball python!
No target in view!
No target in view!
No target in view!
You see here a ball python corpse.
You now have 31 gold pieces (gained 11).
You open the door.
An endoplasm comes into view.
You shoot a bolt. The bolt hits the endoplasm.
You shoot a bolt.
The bolt hits the endoplasm but does no damage.
The endoplasm freezes you.
You are frozen.
You take 5 damage, and have 8/13 hp.
MASSIVE DAMAGE!!
You shoot a bolt. The bolt hits the endoplasm.
You kill the endoplasm!
No target in view!
No target in view! 2 kobolds come into view.
There is an open door here.
Health restored: 13 You shoot a bolt.
The bolt hits the kobold.
You kill the kobold!
The kobold shouts!
You shoot a bolt. The bolt closely misses the kobold.
You shoot a bolt. The bolt barely misses the kobold.
You shoot a bolt. The bolt barely misses the kobold.
The kobold closely misses you.
You shoot a bolt.
The bolt hits the kobold but does no damage.
The kobold hits you but does no damage.
You shoot a bolt. The bolt closely misses the kobold.
The kobold hits you with a +0 short sword.
You take 5 damage, and have 8/13 hp.
MASSIVE DAMAGE!!
You shoot a bolt. The bolt barely misses the kobold.
The kobold hits you with a +0 short sword.
The kobold closely misses you.
You take 4 damage, and have 4/13 hp.
MASSIVE DAMAGE!!
Okay, then.
The kobold attacks as you move away! The kobold completely misses you.
You are now empty-tentacled.
You closely miss the kobold. Your grab misses the kobold.
The kobold hits you with a +0 short sword.
* * * LOW HITPOINT WARNING * * *
You take 2 damage, and have 2/13 hp.
You tentacle-slap the kobold. Your grab misses the kobold.
The kobold hits you with a +0 short sword.
You die...

#.....!..#.#
#........#.#
#........#.#
#...).$.$#.#
#..)....##.#
####'##.#
#.......#
#.K.....#
#@......#
#######.......#
#....†........#
#.#####.>.....#
#.##########..#
#.#...####
#...#
#.#.#.#..# #..#
#.###.##.# ...#
#........# ..#


You could see a kobold.

Vanquished Creatures
  2 ball pythons (D:1)
  An endoplasm (D:1)
  A kobold (D:1)
4 creatures vanquished.

Notes
Turn   | Place    | Note
-------+----------+-------------------------------------------
     0 | D:1      | sokol815 the Octopode Arcane Marksman began the quest for
                  | the Orb.
     0 | D:1      | Reached XP level 1. HP: 13/13 MP: 2/2
   184 | D:1      | HP: 2/13 [kobold/+0 short sword (2)]
   185 | D:1      | Slain by a kobold

Illustrated notes

Levels and vault maps discovered:
D:1:      onia_arrival_mini_spirals, layout_basic,
          chequers_serial_rivers_micro_b

Action                   || total
-------------------------++-------
Melee: Unarmed           ||     2
 Fire: Hand crossbow     ||    16
Armor: Skin              ||     1
Dodge: Dodged            ||     3

Table legend: (Time is in decaauts)
 A = Elapsed time spent in this place.
 B = Non-inter-level travel time spent in this place.
 C = Inter-level travel time spent in this place.
 D = Time resting spent in this place.
 E = Time spent auto-exploring this place.
 F = Levels seen in this place.
 G = Mean time per level.
                   A        B        C        D        E       F      G
               +--------+--------+--------+--------+--------+-----+--------+
         Total |    190 |    190 |      0 |      0 |    159 |   1 |  190.0 |
       Dungeon |    190 |    190 |      0 |      0 |    159 |   1 |  190.0 |
               +--------+--------+--------+--------+--------+-----+--------+

Top non-repeatable levels by time:
     D:1: 190 daAuts

Table legend:
 A = Kills in this place as a percentage of kills in entire the game.
 B = Kills by you in this place as a percentage of kills by you in the entire game.
 C = Kills by friends in this place as a percentage of kills by friends in the entire game.
 D = Other kills in this place as a percentage of other kills in the entire game.
 E = Experience gained in this place as a percentage of experience gained in the entire game.
 F = Experience gained in this place divided by the number of levels of this place that you have seen.
                   A       B       C       D       E      F
               +-------+-------+-------+-------+-------+----------------------
         Total | 100.0 | 100.0 |   N/A |   N/A | 100.0 |   7.0
       Dungeon | 100.0 | 100.0 |   N/A |   N/A | 100.0 |   7.0
               +-------+-------+-------+-------+-------+----------------------
